 Dungeon Crawl Stone Soup version 0.17.1-3-g152610e (webtiles) character file.

80 Shotgun the Skirmisher (level 4, -7/35 HPs)
             Began as a Demonspawn Fighter on Apr 20, 2016.
             Mangled by a goblin
             ... wielding a +2 hand axe of electrocution
              (16 damage)
             ... on level 2 of the Dungeon.
             The game lasted 00:02:57 (903 turns).

Shotgun the Skirmisher (Demonspawn Fighter)          Turns: 903, Time: 00:02:57

Health: -7/35      AC:  6    Str: 22    XL:     4   Next: 18%
Magic:  4/4        EV:  8    Int: 10    God:
Gold:   54         SH:  9    Dex: 12    Spells: 0 memorised, 3 levels left

rFire  . . .     SeeInvis .     a - +0 long sword
rCold  . . .     Clarity  .     b - +0 scale mail
rNeg   . . .     SustAt   .     c - +0 shield
rPois  .         Gourm    .     (no helmet)
rElec  .         Spirit   .     (no cloak)
rCorr  .         Warding  .     (no gloves)
rMut   .         Stasis   .     (no boots)
MR     .....                    (no amulet)
Stlth  ..........               (no ring)
                                (no ring)

@: mighty, slowed, very slow, not resistant to hostile enchantments, extremely
unstealthy
A: talons 1, powered by pain 1
a: no special abilities


You were on level 2 of the Dungeon.
You were not hungry.

You visited 1 branch of the dungeon, and saw 2 of its levels.

You collected 54 gold pieces.

Inventory:

Hand Weapons
 a - a +0 long sword (weapon)
Armour
 b - a +0 scale mail (worn)
 c - a +0 shield (worn)
Scrolls
 f - a scroll of random uselessness {unknown}
 h - a scroll of remove curse
Potions
 d - a potion of might
 g - a potion of cancellation {unknown}
 j - a potion of curing {unknown}
 k - a potion of mutation {unknown}
Comestibles
 e - a bread ration
 i - 2 slices of pizza
 l - a royal jelly
 m - 2 beef jerkies


   Skills:
 + Level 3.4 Fighting
 + Level 2.4 Long Blades
 + Level 3.2 Armour
 + Level 1.3 Dodging
 + Level 3.0 Shields


You had 3 spell levels left.
You didn't know any spells.

Dungeon Overview and Level Annotations

Branches:
Dungeon (2/15)

Altars:
Elyvilon
Nemelex Xobeh
Sif Muna
Zin

Annotations:
D:2 Robin


Innate Abilities, Weirdness & Mutations

You have sharp toenails.
You sometimes gain a little power by taking damage.


Message History

The goblin hits you with an uncursed hand axe of electrocution.
The goblin hits you but does no damage.
You hit the goblin. You claw the goblin.
You kill the goblin!
You block the goblin's attack.
Robin of the Strong Arm comes into view.
She is wielding a dagger.
Robin shouts!
The goblin hits you with an uncursed hand axe of electrocution.
You are electrocuted!
You focus on the pain.
You feel very mighty all of a sudden.
Robin roars a battlecry!
The goblins go into a battle-frenzy!
Robin zaps a wand.
You feel yourself slow down.
It is a wand of slowing.
A hobgoblin comes into view. It is wielding a club.
Things that are here:
a club; a kobold corpse The goblin hits you with an uncursed hand axe of electrocution.
* * * LOW HITPOINT WARNING * * *
You are electrocuted!
You die...

.....### #.....##.# **.###.**,*,,
.....# ##.##.##.# *#...#**,*,*
..####****#.##.##.# #...#**!#,,
......,,,##.......# #...#*...,,
......,,,#.......######...##.##.*
......,.,#.#...#.#..(..g........*
......,..#........(.÷g..........,
#.....,........g)#....÷.........,
......,..#......@#####....g#.##.,
#....,,..#.......# #.<...#,..,,
##.##**#.####..### #.....#**#.,
##.#####.# ##[# #.....# *,,
......##.# #.# #.....#****,
....#.##.# #.# ###.....,,,*
.._.#.##.#####)# **,..####*,*
...........)...# **,,...****,*
8.....########## *,,,....,,,,,


You could see a goblin (frenzied).

Vanquished Creatures
  Ijyb (D:2)
  2 adders (D:2)
  An ooze (D:1)
  2 giant cockroaches
  4 goblins
  5 hobgoblins
  A ball python (D:1)
  4 bats (D:1)
  A giant newt (D:1)
  5 kobolds
  3 rats
29 creatures vanquished.

Notes
Turn   | Place    | Note
--------------------------------------------------------------
     0 | D:1      | Shotgun the Demonspawn Fighter began the quest for the Orb.
     0 | D:1      | Reached XP level 1. HP: 18/18 MP: 1/1
   165 | D:1      | Gained mutation: You have sharp toenails. [demonic ancestry]
   165 | D:1      | Reached XP level 2. HP: 21/24 MP: 2/2
   672 | D:2      | Gained mutation: You sometimes gain a little power by taking damage. [demonic ancestry]
   672 | D:2      | Reached XP level 3. HP: 18/29 MP: 3/3
   677 | D:2      | Reached skill level 1 in Dodging
   701 | D:2      | Found a white marble altar of Elyvilon.
   703 | D:2      | Found a glowing silver altar of Zin.
   704 | D:2      | Noticed Ijyb
   742 | D:2      | Killed Ijyb
   756 | D:2      | Found a sparkling altar of Nemelex Xobeh.
   756 | D:2      | Found a deep blue altar of Sif Muna.
   769 | D:2      | Reached XP level 4. HP: 18/35 MP: 4/4
   902 | D:2      | Noticed Robin
   903 | D:2      | Mangled by a goblin

Action                   |  1- 3 |  4- 6 || total
-------------------------+-------+-------++-------
Melee: Long sword        |   124 |     8 ||   132
  Use: Scroll            |     2 |       ||     2
